 Dungeon Crawl Stone Soup version 0.32-a0-13-gbaedc5810e (webtiles) character file.

Game seed: 2606618394682529612

43627 Colgate the Thaumaturge (level 14, -1/108 HPs)
             Began as a Gnoll Summoner on Jan 14, 2024.
             Was a Follower of Yredelemnul.
             Slain by a four-headed hydra (9 damage)
             ... on level 2 of the Lair of Beasts on Jan 15, 2024.
             The game lasted 01:56:31 (22126 turns).

Colgate the Thaumaturge (Gnoll Summoner)           Turns: 22126, Time: 01:56:32

Health: -1/108     AC: 15    Str:  8    XL:     14   Next: 25%
Magic:  16/28      EV: 16    Int: 19    God:    Yredelemnul [*.....]
Gold:   274        SH:  0    Dex: 13    Spells: 4/34 levels left

rFire   . . .        w - +27 heavy crossbow "Sniper" {heavy, Acc+∞ SInv}
rCold   . . .        (shield currently unavailable)
rNeg    . . .        d - +0 robe
rPois   .            P - +2 helmet
rElec   .            (no cloak)
rCorr   .            u - +0 pair of gloves
SInv    +            L - +2 pair of boots
Will    +....        B - amulet of magic regeneration
Stlth   ++++         g - +4 ring of protection
HPRegen 0.38/turn    Y - ring of wizardry
MPRegen 0.61/turn

%: wizardry (x1)
@: invisible
A: fangs 1, strong nose, distributed training
a: Renounce Religion, Recall Undead Harvest


You were on level 2 of the Lair of Beasts.
You worshipped Yredelemnul.
Yredelemnul was aware of your devotion.
You visited 4 branches of the dungeon, and saw 17 of its levels.
You also visited: Ossuary and Bailey.

You collected 1898 gold pieces.
You spent 1624 gold pieces at shops.

Inventory:

Hand Weapons
 a - a +5 glaive of flaming
 b - the +1 dagger "Sonoxky" {pain, rF+ Will+ Int+4 SInv}
   (You found it on level 3 of the Dungeon)

   Int+4:     It affects your intelligence (+4).
   rF+:       It protects you from fire.
   Will+:     It increases your willpower.
   SInv:      It lets you see invisible.
 w - the +27 heavy crossbow "Sniper" (weapon) {heavy, Acc+∞ SInv}
   (You found it on level 9 of the Dungeon)

   Acc+∞: It never misses its target.
   SInv:      It lets you see invisible.
 E - a +4 spear of freezing
Missiles
 r - 2 curare-tipped darts
 v - 6 throwing nets {!f}
 N - a silver javelin
Armour
 d - a +0 robe (worn)
 q - the +0 chain mail of Cocytus {Int+5}
   (You found it in a bailey)

   Int+5:     It affects your intelligence (+5).
 u - a +0 pair of gloves (worn)
 y - the +0 fire dragon scales of the Gate {rF++ rC- Str+3 Slay+2}
   (You found it in a bailey)

   Str+3:     It affects your strength (+3).
   Slay+2:    It affects your accuracy & damage with ranged weapons and melee
   (+2).
   rF++:      It greatly protects you from fire.
   rC-:       It makes you vulnerable to cold.
 F - a +1 leather armour of cold resistance
 G - a +0 crystal plate armour
 H - a scarf of resistance
 L - a +2 pair of boots (worn)
 P - a +2 helmet (worn)
Magical Staves
 S - the staff "Doosesto" {rN+ Str+3 Necro Earth}
   (You found it on level 10 of the Dungeon)

   [staff of death]

   Base accuracy: +5 Base damage: 5 Base attack delay: 1.2 This weapon's minimum
   attack delay (0.6) is reached at skill level 12.
   Str+3:     It affects your strength (+3).
   rN+:       It protects you from negative energy.
   Necro:     It increases the power of your Necromancy spells.
   Earth:     It increases the power of your Earth spells.
   It falls into the 'Staves' category.
   It is a one-handed weapon.
Jewellery
 g - a +4 ring of protection (left hand)
 B - an amulet of magic regeneration (around neck)
 Y - a ring of wizardry (right hand)
Wands
 K - a wand of iceblast (10) {@v2}
 O - a wand of paralysis (21)
 R - a wand of polymorph (2)
 V - a wand of quicksilver (11) {@v1}
 X - a wand of mindburst (14)
Scrolls
 i - 5 scrolls of noise
 j - 4 scrolls of vulnerability
 k - 4 scrolls of blinking {@r4}
 l - 12 scrolls of teleportation {@r3}
 o - 2 scrolls of poison
 t - 2 scrolls of summoning
 z - 3 scrolls of immolation
 C - 3 scrolls of fear
 M - a scroll of silence
 T - 2 scrolls of torment
 U - 2 scrolls of fog
 Z - a scroll of acquirement
Potions
 c - 4 potions of heal wounds {@q2}
 e - 8 potions of curing {@q1}
 h - 3 potions of resistance {@q5}
 m - 3 potions of mutation
 n - 2 potions of ambrosia
 p - a potion of magic
 x - a potion of might {@q3}
 A - 4 potions of lignification
 D - 2 potions of haste {@q4}
 I - a potion of berserk rage
 J - 5 potions of enlightenment
 Q - 4 potions of brilliance
 W - 3 potions of attraction


   Skills:
 + Level 9.4 Fighting
 + Level 9.4 Short Blades
 + Level 9.4 Long Blades
 + Level 9.4 Axes
 + Level 9.4 Maces & Flails
 + Level 9.4 Polearms
 + Level 9.4 Staves
 + Level 9.4 Ranged Weapons
 + Level 9.4 Throwing
 + Level 9.4 Armour
 + Level 10.5 Dodging
 + Level 10.3 Stealth
 + Level 9.4 Shields
 + Level 9.4 Unarmed Combat
 + Level 10.6 Spellcasting
 + Level 7.8 Conjurations
 + Level 7.8 Hexes
 + Level 10.6 Summonings
 + Level 7.8 Necromancy
 + Level 7.8 Translocations
 + Level 7.8 Fire Magic
 + Level 7.8 Ice Magic
 + Level 7.8 Air Magic
 + Level 7.8 Earth Magic
 + Level 7.8 Alchemy
 + Level 10.2 Invocations
 + Level 9.4 Evocations
 + Level 8.6 Shapeshifting


You had 4 spell levels left.
You knew the following spells:

 Your Spells              Type           Power      Damage    Failure   Level
a - Martyr's Knell        Necr/Summ      45%        N/A       1%          4
b - Lee's Rapid Deconstr  Erth           20%        3d12*     3%          5
c - Call Canine Familiar  Summ           50%        N/A       1%          3
e - Summon Lightning Spi  Summ/Air       45%        N/A       1%          4
f - Ozocubu's Armour      Ice            40%        N/A       1%          3
g - Summon Mana Viper     Hex/Summ       45%        N/A       1%          5
h - Summon Cactus Giant   Summ           25%        N/A       6%          6

Your spell library contained the following spells:

 Spells                   Type           Power      Damage    Failure   Level
 Freeze                   Ice            100%       1d10      1%          1
 Kiss of Death            Conj/Necr      100%       2d13      1%          1
 Magic Dart               Conj           100%       1d8       1%          1
 Slow                     Hex            100%       N/A       1%          1
 Summon Small Mammal      Summ           100%       N/A       1%          1
 Call Imp                 Summ           100%       N/A       1%          2
 Cigotuvi's Dreadful Rot  Necr/Alch/Air  80%        N/A       1%          2
 Ensorcelled Hibernation  Hex/Ice        80%        N/A       1%          2
 Jinxbite                 Hex            80%        N/A       1%          2
 Searing Ray              Conj           80%        2d7       1%          2
 Confusing Touch          Hex            40%        N/A       1%          3
 Frozen Ramparts          Ice            80%        1d13      1%          3
 Fugue of the Fallen      Necr           40%        N/A       1%          3
 Hailstorm                Conj/Ice       40%        3d9       1%          3
 Sigil of Binding         Hex            40%        N/A       1%          3
 Summon Ice Beast         Ice/Summ       45%        N/A       1%          3
 Tukima's Dance           Hex            40%        N/A       1%          3
 Vampiric Draining        Necr           40%        2d8       1%          3
 Animate Armour           Summ/Erth      90%        N/A       1%          4
 Dimensional Bullseye     Hex/Tloc       20%        N/A       1%          4
 Dispel Undead            Necr           40%        3d16      1%          4
 Fulminant Prism          Conj/Alch      20%        3d12      1%          4
 Ignite Poison            Fire/Alch      40%        N/A       1%          4
 Iskenderun's Mystic Bla  Conj/Tloc      40%        2d9       1%          4
 Manifold Assault         Tloc           40%        N/A       1%          4
 Sticky Flame             Fire/Alch      40%        2d8       1%          4
 Summon Blazeheart Golem  Fire/Summ      45%        N/A       1%          4
 Vhi's Electric Charge    Tloc/Air       80%        N/A       1%          4
 Summon Forest            Summ/Tloc      22%        N/A       1%          5
 Arcjolt                  Conj/Air       20%        1d30      3%          5
 Yara's Violent Unravell  Hex/Alch       20%        3d9       3%          5
 Plasma Beam              Fire/Air       20%        2x1d32    16%         6
 Monstrous Menagerie      Summ           25%        N/A       28%         7
 Summon Hydra             Summ           25%        N/A       28%         7
 Enfeeble                 Hex            20%        N/A       65%         7
 Ignition                 Fire           20%        3d7       99%         8
 Maxwell's Capacitive Co  Air            20%        ∞         99%         8
 Dragon's Call            Summ           25%        N/A       100%        9
 Death Channel            Necr           Unusable   N/A       N/A         6

Dungeon Overview and Level Annotations

Branches:
Dungeon (12/15)            Temple (1/1) D:5            Lair (2/5) D:10
  Snake (0/4) Lair:2          Orc (2/2) D:10            Elf (0/3) Orc:2
Ossuary (visited)          Bailey (visited)
  Swamp: Lair:2-3    Shoals: Lair:2-3

Altars:
Ashenzari
Cheibriados
Dithmenos
Elyvilon
Fedhas
Gozag
Hepliaklqana
Kikubaaqudgha
Makhleb
Nemelex Xobeh
Okawaru
Qazlal
Ru
Sif Muna
Trog
Uskayaw
Vehumet
Wu Jian
Xom
Yredelemnul
Zin
The Shining One

Shops:
D:3 ?   D:5 *(   D:7 :   Orc:2 :[=

Annotations:
D:1 jackal
Lair:2 1 transporter


Innate Abilities, Weirdness & Mutations

You have very sharp teeth.
Your uncanny sense of smell can sniff out nearby items.
Your experience applies equally to all skills.


Message History

You are no longer poisoned.
The water moccasin bites your death yak zombie.
The wolf bites your death yak zombie.
The four-headed hydra completely misses you.
The four-headed hydra closely misses you.
The four-headed hydra barely misses you.
The four-headed hydra bites you!
* * * LOW HITPOINT WARNING * * *
The water moccasin bites your death yak zombie.
Fire: w) +27 heavy crossbow "Sniper" {heavy, Acc+∞ SInv}
Press: ? - help, Q - select action, (/) - cycle Shift-Dir - straight line, f - four-headed hydra
Aim: a four-headed hydra (moderately wounded, possessable, unable to see you, 100% to hit)
You shoot a bolt. The bolt hits the four-headed hydra!!
The wolf bites your death yak zombie but does no damage.
The wolf pauses to sniff the ground.
The wolf bites your death yak zombie.
The water moccasin bites your death yak zombie.
The wolf bites your death yak zombie but does no damage.
The four-headed hydra bites you.
* * * LOW HITPOINT WARNING * * *
The four-headed hydra closely misses you.
The four-headed hydra barely misses you.
The four-headed hydra closely misses you.
Your death yak zombie gores the wolf!!
The water moccasin bites your death yak zombie but does no damage.
The wolf bites your death yak zombie.
The four-headed hydra barely misses you.
The four-headed hydra misses you. The four-headed hydra bites you.
* * * LOW HITPOINT WARNING * * *
The four-headed hydra bites you!
* * * LOW HITPOINT WARNING * * *
The water moccasin bites your death yak zombie.
Your death yak zombie gores the water moccasin!
The water moccasin dies!
The dead are slithering!
The wolf bites your death yak zombie. The four-headed hydra misses you.
The four-headed hydra barely misses you.
The four-headed hydra bites you!
You die...
Your body rises from the dead as a mindless zombie.

##..##
#P#..##.$..~..##.......
###.#
##...##8......~8##......
.#..#
#...##..#.###.#F.##.....
....#
#..##.$..##!##.~.F##....
....#
##..#.#~.##(.=##..#h#...#
#.Z##
#...#©#..#Z..$.#..#S#..##
#ZZ#
#...#.#.h.#...##..#.#..##
#.Z#
#...##.ZW.##.#.$...##..##
##Z#
###..##~@#l###.#~.##Z.##
#..######
##..##8DY...~.8##..##
....#...#
#.#.Z##~.....~##...P#
Z.......#
####..##.###.##...#####
........##
#....##.©.##..###..P#
...##.##.#
#..#..#####..P# #..##
##.#######
##..##...©.....###..P#
###
#...###......####...##
#...##....#### ##Z.##


You could see a death yak (wandering, unable to see you), a four-headed hydra
(possessable, unable to see you, ally target), a wolf (distracted, ally target),
a friendly martyred shade (summoned), a friendly water moccasin zombie
(wandering, sheltered) and a friendly death yak zombie (sheltered).

Vanquished Creatures
  Jorgrun (Orc:2)
  A yaktaur captain (D:10)
  An ogre mage (D:10)
  A centaur warrior (D:10)
  2 two-headed ogres
  4 death yaks (Lair:2)
  The ghost of Borsukrates the Nimble, a journeyman KoSh of Wu Jian (Lair:2)
  Sonja (Orc:1)
  2 orc knights (Orc:2)
  2 deep elf pyromancers
  An ugly thing (D:12)
  A cyclops (D:11)
  A black mamba (Lair:1)
  3 kobold blastminers (Orc:2)
  A gargoyle (D:11)
  4 cane toads
  A rime drake (Lair:1)
  5 komodo dragons
  3 trolls
  A blink frog (Lair:1)
  A black mamba zombie (D:10)
  3 slime creatures (D:12)
  2 wyverns
  A wraith (D:12)
  7 yaks
  A basilisk (D:12)
  Grum (Bailey)
  5 vampire mosquitoes
  2 water moccasins
  23 orc warriors
  A black bear (D:7)
  3 wolves (Bailey)
  2 ogres (Orc:2)
  11 centaurs
  5 bullfrogs
  Blork the orc (D:6)
  A kobold brigand (D:10)
  6 gnoll sergeants (Bailey)
  4 wights
  A burial acolyte (Ossuary)
  2 howler monkeys
  A bombardier beetle (D:4)
  2 hounds
  4 gnoll boudas (Bailey)
  3 orc priests
  A sleepcap (D:6)
  2 iguanas
  Natasha (D:3)
  7 orc wizards
  13 gnolls
  A gnoll zombie (D:11)
  6 adders
  2 shadow imps
  An adder zombie (D:3)
  An adder skeleton (Ossuary)
  A dart slug (D:4)
  37 orcs
  3 ball pythons (D:3)
  An endoplasm (D:1)
  A goblin (D:1)
  A hobgoblin (D:3)
  5 jackals
  7 kobolds
  2 quokkas (D:4)
  3 training dummies (D:5)
  A frilled lizard (D:3)
  A hobgoblin skeleton (Ossuary)
  2 orc skeletons (Ossuary)
  5 rats (D:4)
235 creatures vanquished.

Vanquished Creatures (collateral kills)
  A fire dragon (D:10)
  2 hydras (D:10)
  An ice dragon (D:9)
  A catoblepas (Lair:2)
  A two-headed ogre (D:7)
  2 boulder beetles
  A tengu warrior (D:10)
  4 skeletal warriors (D:11)
  An orc knight (D:10)
  An orc sorcerer (Orc:1)
  A wolf spider (D:10)
  A meliai (D:10)
  2 kobold blastminers (Orc:1)
  11 elephants (Lair:1)
  A black mamba (shapeshifter) (D:10)
  A kobold demonologist (D:12)
  2 trolls
  3 blink frogs (Lair:1)
  A wyvern (Lair:2)
  A wraith (D:11)
  5 yaks
  An unseen horror simulacrum (D:10)
  A vampire mosquito (D:11)
  Edmund (D:5)
  A steam dragon (D:7)
  Menkaure (D:6)
  An acid dragon (D:7)
  3 water moccasins
  2 orc warriors (Orc:2)
  4 ogres
  2 wolves (Bailey)
  4 kobold brigands
  4 bullfrogs
  4 gnoll sergeants
  4 scorpions
  5 wights
  A burial acolyte (Ossuary)
  A howler monkey (D:6)
  An electric eel (D:9)
  2 hounds
  4 orc priests
  2 gnoll boudas
  A sleepcap (D:3)
  Natasha (twice) (D:3)
  An iguana (D:5)
  6 orc wizards
  15 gnolls
  4 adders
  A shadow imp (D:7)
  2 white imps
  An adder zombie (D:3)
  2 adder skeletons (D:3)
  A dart slug (D:5)
  A ribbon worm (D:4)
  19 orcs
  A bat (D:1)
  4 endoplasms
  2 giant cockroaches (D:1)
  3 goblins (D:1)
  2 hobgoblins
  9 jackals
  3 quokkas
  4 ball pythons
  A ball python zombie (D:3)
  2 frilled lizards (D:1)
  12 kobolds
  A kobold skeleton (Ossuary)
  2 orc skeletons (Ossuary)
  A quokka simulacrum (D:3)
  17 rats
213 creatures vanquished.

Vanquished Creatures (others)
  2 slime creature zombies (D:12)
  A spectral rime drake (Lair:2)
  A cane toad zombie (Lair:1)
  A tengu zombie (D:10)
  An elephant zombie (Lair:1)
  A cyclops zombie (D:11)
  A water moccasin zombie (Lair:2)
  2 troll zombies
  2 wolf zombies (Bailey)
  5 centaur zombies
  An orc wizard (D:5)
  An ogre zombie (Orc:2)
  A hound zombie (Bailey)
  15 gnoll zombies
  2 kobold zombies
  17 orc zombies
  12 blazeheart cores
66 creatures vanquished.

Grand Total: 514 creatures vanquished

Notes
Turn   | Place    | Note
-------+----------+-------------------------------------------
     0 | D:1      | Colgate the Gnoll Summoner began the quest for the Orb.
     0 | D:1      | Reached XP level 1. HP: 13/13 MP: 6/6
   426 | D:1      | Reached XP level 2. HP: 19/19 MP: 3/7
   429 | D:1      | Learned a level 2 spell: Call Imp
  1036 | D:1      | Reached skill level 5 in Spellcasting
  1036 | D:1      | Reached XP level 3. HP: 25/25 MP: 4/9
  1040 | D:1      | Learned a level 3 spell: Call Canine Familiar
  1894 | D:2      | Reached skill level 1 in Invocations
  2069 | D:2      | Reached skill level 1 in Fighting
  2069 | D:2      | Reached skill level 1 in Short Blades
  2069 | D:2      | Reached skill level 1 in Long Blades
  2069 | D:2      | Reached skill level 1 in Axes
  2069 | D:2      | Reached skill level 1 in Maces & Flails
  2069 | D:2      | Reached skill level 1 in Polearms
  2069 | D:2      | Reached skill level 1 in Staves
  2069 | D:2      | Reached skill level 1 in Ranged Weapons
  2069 | D:2      | Reached skill level 1 in Throwing
  2069 | D:2      | Reached skill level 1 in Armour
  2069 | D:2      | Reached skill level 1 in Shields
  2069 | D:2      | Reached skill level 1 in Unarmed Combat
  2069 | D:2      | Reached skill level 1 in Evocations
  2472 | D:2      | Reached skill level 1 in Shapeshifting
  2472 | D:2      | Reached XP level 4. HP: 32/32 MP: 11/11
  2788 | D:3      | Found Pelitrof's Magic Scroll Emporium.
  2801 | D:3      | Found a glowing silver altar of Zin.
  2802 | D:3      | Bought a scroll of identify for 22 gold pieces
  2804 | D:3      | Bought a scroll of blinking for 82 gold pieces
  2947 | D:3      | Reached skill level 1 in Conjurations
  2947 | D:3      | Reached skill level 1 in Hexes
  2947 | D:3      | Reached skill level 1 in Necromancy
  2947 | D:3      | Reached skill level 1 in Translocations
  2947 | D:3      | Reached skill level 1 in Fire Magic
  2947 | D:3      | Reached skill level 1 in Ice Magic
  2947 | D:3      | Reached skill level 1 in Air Magic
  2947 | D:3      | Reached skill level 1 in Earth Magic
  2947 | D:3      | Reached skill level 1 in Alchemy
  3054 | D:3      | Reached XP level 5. HP: 37/37 MP: 9/12
  3400 | D:3      | Reached XP level 6. HP: 38/44 MP: 1/14
  3524 | D:3      | Reached skill level 5 in Dodging
  3739 | D:3      | Noticed Natasha
  3759 | D:3      | Killed Natasha
  3792 | D:3      | Reached XP level 7. HP: 50/50 MP: 12/15
  3823 | D:3      | Identified the +1 dagger "Sonoxky" {pain, rF+ Will+ Int+4
                  | SInv}
  4134 | D:4      | Reached skill level 5 in Stealth
  4410 | D:4      | Found a snail-covered altar of Cheibriados.
  4745 | D:3      | Bought a scroll of teleportation for 33 gold pieces
  4745 | D:3      | Bought a scroll of blinking for 82 gold pieces
  4745 | D:3      | Bought a scroll of teleportation for 33 gold pieces
  4789 | D:5      | Entered Level 5 of the Dungeon
  4938 | D:5      | Noticed Edmund
  4966 | D:5      | Killed Edmund
  4967 | D:5      | Reached XP level 8. HP: 58/58 MP: 8/16
  5033 | D:5      | Identified the +0 sling of Siant {drain, Int-3 Dex+4}
  5042 | D:5      | Found Ubeitesau's Firing Range.
  5204 | D:5      | Found Cuklaef's Fire Supplies.
  5281 | D:5      | Found a sand-covered staircase.
  5286 | Ossuary  | Entered an ossuary
  5984 | D:5      | Found a staircase to the Ecumenical Temple.
  5993 | Temple   | Entered the Ecumenical Temple
  6267 | D:6      | Noticed Blork the orc
  6297 | D:6      | Killed Blork the orc
  6418 | D:6      | Noticed Menkaure
  6425 | D:6      | Killed Menkaure
  6426 | D:6      | Reached XP level 9. HP: 34/65 MP: 18/18
  7056 | D:7      | Found a sacrificial altar of Ru.
  7059 | D:7      | Found an iron altar of Okawaru.
  7060 | D:7      | Found a broken altar of Ashenzari.
  7235 | D:7      | Learned a level 4 spell: Martyr's Knell
  7240 | D:7      | Learned a level 4 spell: Summon Blazeheart Golem
  7245 | D:7      | Learned a level 4 spell: Summon Lightning Spire
  7277 | D:7      | Noticed a two-headed ogre
  7283 | D:7      | Reached skill level 5 in Invocations
  7295 | D:7      | Killed a two-headed ogre
  7300 | D:7      | Learned a level 3 spell: Ozocubu's Armour
  7491 | D:7      | Noticed a troll
  7519 | D:7      | Killed a troll
  7520 | D:7      | Reached skill level 5 in Fighting
  7520 | D:7      | Reached skill level 5 in Short Blades
  7520 | D:7      | Reached skill level 5 in Long Blades
  7520 | D:7      | Reached skill level 5 in Axes
  7520 | D:7      | Reached skill level 5 in Maces & Flails
  7520 | D:7      | Reached skill level 5 in Polearms
  7520 | D:7      | Reached skill level 5 in Staves
  7520 | D:7      | Reached skill level 5 in Ranged Weapons
  7520 | D:7      | Reached skill level 5 in Throwing
  7520 | D:7      | Reached skill level 5 in Armour
  7520 | D:7      | Reached skill level 5 in Shields
  7520 | D:7      | Reached skill level 5 in Unarmed Combat
  7520 | D:7      | Reached skill level 5 in Evocations
  7520 | D:7      | Reached XP level 10. HP: 38/74 MP: 7/20
  7820 | D:7      | Found Baeppexi's Self-Published Books.
  8103 | D:3      | Noticed Natasha
  8109 | D:3      | Killed Natasha
  8202 | D:3      | Found Pelitrof's Magic Scroll Emporium.
  8260 | D:3      | Noticed Natasha
  8262 | D:3      | Killed Natasha
  8526 | D:3      | Found a glowing silver altar of Zin.
  8865 | D:8      | Found a basalt altar of Yredelemnul.
  8905 | D:8      | Became a worshipper of Yredelemnul the Dark
  8932 | D:8      | Found an ancient bone altar of Kikubaaqudgha.
  9246 | D:8      | Reached * piety under Yredelemnul
  9367 | D:8      | Reached ** piety under Yredelemnul
  9374 | D:8      | Reached *** piety under Yredelemnul
 10106 | D:9      | Noticed an ice dragon
 10137 | D:9      | Killed an ice dragon
 10138 | D:9      | Reached skill level 5 in Shapeshifting
 10233 | D:9      | Found the +27 heavy crossbow "Sniper" {heavy, Acc+∞ SInv}
 10696 | D:9      | Found an ornate altar of the Wu Jian Council.
 10998 | D:10     | Entered Level 10 of the Dungeon
 11051 | D:10     | Found a glowing golden altar of the Shining One.
 11054 | D:10     | Found a white marble altar of Elyvilon.
 11054 | D:10     | Found a shadowy altar of Dithmenos.
 11082 | D:10     | Noticed a two-headed ogre
 11084 | D:10     | Killed a two-headed ogre
 11086 | D:10     | Reached skill level 5 in Conjurations
 11086 | D:10     | Reached skill level 5 in Hexes
 11086 | D:10     | Reached skill level 5 in Necromancy
 11086 | D:10     | Reached skill level 5 in Translocations
 11086 | D:10     | Reached skill level 5 in Fire Magic
 11086 | D:10     | Reached skill level 5 in Ice Magic
 11086 | D:10     | Reached skill level 5 in Air Magic
 11086 | D:10     | Reached skill level 5 in Earth Magic
 11086 | D:10     | Reached skill level 5 in Alchemy
 11106 | D:10     | Reached XP level 11. HP: 81/81 MP: 22/22
 11274 | D:10     | Found a flagged portal.
 11293 | Bailey   | Entered a bailey
 11509 | Bailey   | Noticed Grum
 11513 | Bailey   | Killed Grum
 11665 | Bailey   | Identified the +0 chain mail of Cocytus {Int+5}
 11697 | Bailey   | Your ally Grum died
 11919 | Bailey   | Identified the +0 fire dragon scales of the Gate {rF++ rC-
                  | Str+3 Slay+2}
 12062 | D:10     | Found a staircase to the Lair.
 12200 | D:10     | Found a staircase to the Orcish Mines.
 12383 | D:10     | Found a radiant altar of Vehumet.
 12567 | D:10     | Noticed a deep elf pyromancer
 12568 | D:10     | Killed a deep elf pyromancer
 12578 | D:10     | Noticed a centaur warrior
 12578 | D:10     | Noticed a tengu warrior
 12580 | D:10     | Killed a centaur warrior
 12581 | D:10     | Noticed a four-headed hydra
 12592 | D:10     | Killed a four-headed hydra
 12599 | D:10     | Killed a tengu warrior
 12661 | D:10     | Noticed an orc knight
 12678 | D:10     | Killed an orc knight
 12714 | D:10     | Noticed a seven-headed hydra
 12724 | D:10     | Killed a seven-headed hydra
 12750 | D:10     | Noticed a fire dragon
 13390 | D:10     | Noticed a yaktaur captain
 13406 | D:10     | Killed a yaktaur captain
 13407 | D:10     | Reached XP level 12. HP: 22/91 MP: 18/24
 13622 | D:10     | Noticed an ogre mage
 13654 | D:10     | Killed an ogre mage
 13812 | D:10     | Killed a fire dragon
 13963 | D:10     | Got the Omnibus of Foggy Doom
 13965 | D:10     | Identified the staff "Doosesto" {rN+ Str+3 Necro Earth}
 14725 | D:11     | Noticed a boulder beetle
 14741 | D:11     | Killed a boulder beetle
 15114 | D:12     | Noticed a two-headed ogre
 15116 | D:12     | Killed a two-headed ogre
 15930 | D:12     | Noticed a boulder beetle
 15961 | D:12     | Killed a boulder beetle
 15962 | D:12     | Reached XP level 13. HP: 91/98 MP: 10/26
 16379 | D:3      | Bought a scroll of immolation for 44 gold pieces
 16379 | D:3      | Bought a scroll of torment for 104 gold pieces
 16380 | D:3      | Bought a scroll of identify for 22 gold pieces
 16380 | D:3      | Bought a scroll of identify for 22 gold pieces
 16777 | Orc:1    | Entered Level 1 of the Orcish Mines
 16829 | Orc:1    | Noticed Sonja
 16835 | Orc:1    | Killed Sonja
 16836 | Orc:1    | Reached skill level 10 in Summonings
 17136 | Orc:2    | Entered Level 2 of the Orcish Mines
 18325 | Orc:2    | Found a shimmering blue altar of Sif Muna.
 18473 | Orc:2    | Noticed Jorgrun
 18501 | Orc:2    | Killed Jorgrun
 18504 | Orc:2    | Reached skill level 10 in Spellcasting
 19268 | Orc:2    | Found a staircase to the Elven Halls.
 19454 | Orc:2    | Found Wugeth's Book Emporium.
 19454 | Orc:2    | Found Xaenusic's Antique Armour Shop.
 19456 | Orc:2    | Found Etawogh's Jewellery Boutique.
 19458 | Orc:2    | Found Suasamautt's Jewellery Shoppe.
 19551 | Orc:2    | Reached **** piety under Yredelemnul
 19784 | D:7      | Bought Sif Muna's Vellum of the Sum of Summoning for 1144
                  | gold pieces
 19790 | D:7      | Learned a level 5 spell: Summon Mana Viper
 19797 | D:7      | Learned a level 6 spell: Summon Cactus Giant
 19805 | D:7      | Learned a level 5 spell: Lee's Rapid Deconstruction
 19877 | D:5      | Bought a throwing net for 36 gold pieces
 20048 | Lair:1   | Entered Level 1 of the Lair of Beasts
 20055 | Lair:1   | Reached skill level 10 in Dodging
 20138 | Lair:1   | Reached ***** piety under Yredelemnul
 20246 | Lair:1   | Reached ****** piety under Yredelemnul
 20380 | Lair:1   | Reached skill level 10 in Stealth
 20466 | Lair:1   | Reached skill level 10 in Invocations
 20466 | Lair:1   | Reached XP level 14. HP: 108/108 MP: 28/28
 21287 | Lair:2   | Found an iron altar of Okawaru.
 21338 | Lair:2   | Found a staircase to the Snake Pit.
 21677 | Lair:2   | Found a transporter.
 21682 | Lair:2   | Noticed Borsukrates's ghost (journeyman KoSh)
 21771 | Lair:2   | Found a transporter.
 22103 | Lair:2   | Identified a scroll of acquirement
 22113 | Lair:2   | Killed Borsukrates's ghost
 22126 | Lair:2   | Slain by a four-headed hydra

Illustrated notes

Levels and vault maps discovered:
D:1:      dpeg_arrival_ternary, layout_loops_corners
D:2:      layout_basic, kennysheep_small_spiral
D:3:      layout_rooms, lemuel_doored_altar, serial_shops, shop,
          dilly_guarded_unrand_morg
D:4:      layout_basic, mainiacjoe_overflow_concentric_impassable,
          kennysheep_crisscross, minmay_rat_hole
D:5:      layout_cave_pools, minmay_temple_entry_poolview, serial_bayou,
          serial_bayou_pond_c, serial_bayou_pond_e, serial_bayou_shore_b,
          serial_bayou_pond_c, enter_ossuary_5, nicolae_shop_fire_sale
          [nicolae_sub_dead_trees], nrook_pool_corridor,
          nicolae_shop_firing_range, uniq_edmund
D:6:      layout_loops_cross, uniq_blork_the_orc, uniq_menkaure
D:7:      layout_cave_pools, chequers_temple_overflow_statue_of_worship,
          chequers_serial_rivers_micro_e, nicolae_custom_books
D:8:      layout_cave_pods, mainiacjoe_overflow_alcove_1,
          mainiacjoe_overflow_boulevard, nicolae_tricolors
D:9:      dragon1_lemuel, layout_basic, old_standard_altar
D:10:     minmay_sliced_demisemicircle, layout_stronghold,
          nicolae_vehumet_altar_sigil, grunt_temple_overflow_open,
          lair_entry_dummy, orc_0_dummy, enter_bailey_6, minivault_10,
          serial_library_hellmonk_small_corner, hex_medium
D:11:     layout_rooms
D:12:     layout_loops_corners
Temple:   hellmonk_temple_rainy
Lair:1:   layout_gridlike, grunt_forest_large_clearings, serial_bayou_shore_b,
          grunt_megastairs_3
Lair:2:   layout_small_grid, dummy_snake_entry, basic_altar, nzn_ghost_randoct,
          lemuel_fruit_tree
Orc:1:    layout_diamond_mine, uniq_fannar, uniq_sonja, uniq_maurice
Orc:2:    st_orc_rangers, layout_caves, led_sif_book, uniq_jorgrun

Skill      XL: |  1  2  3  4  5  6  7  8  9 10 11 12 13 |
---------------+----------------------------------------+-----
Spellcasting   | 5 6 7 8 9 10 | 10.6
Invocations    | 1 2 3 4 5 6 7 8 10 | 10.2
Fighting       | 1 2 3 5 6 7 8 9 |  9.4
Short Blades   | 1 2 3 5 6 7 8 9 |  9.4
Long Blades    | 1 2 3 5 6 7 8 9 |  9.4
Axes           | 1 2 3 5 6 7 8 9 |  9.4
Maces & Flails | 1 2 3 5 6 7 8 9 |  9.4
Polearms       | 1 2 3 5 6 7 8 9 |  9.4
Staves         | 1 2 3 5 6 7 8 9 |  9.4
Ranged Weapons | 1 2 3 5 6 7 8 9 |  9.4
Throwing       | 1 2 3 5 6 7 8 9 |  9.4
Armour         | 1 2 3 5 6 7 8 9 |  9.4
Shields        | 1 2 3 5 6 7 8 9 |  9.4
Unarmed Combat | 1 2 3 5 6 7 8 9 |  9.4
Evocations     | 1 2 3 5 6 7 8 9 |  9.4
Shapeshifting  | 1 2 3 4 5 6 7 8 |  8.6
Conjurations   | 1 2 3 4 5 6 7 |  7.8
Hexes          | 1 2 3 4 5 6 7 |  7.8
Necromancy     | 1 2 3 4 5 6 7 |  7.8
Translocations | 1 2 3 4 5 6 7 |  7.8
Fire Magic     | 1 2 3 4 5 6 7 |  7.8
Ice Magic      | 1 2 3 4 5 6 7 |  7.8
Air Magic      | 1 2 3 4 5 6 7 |  7.8
Earth Magic    | 1 2 3 4 5 6 7 |  7.8
Alchemy        | 1 2 3 4 5 6 7 |  7.8
Dodging        | 5 6 7 8 9 10 | 10.5
Stealth        | 5 6 7 8 9 10 | 10.3
Summonings     | 8 9 10 | 10.6

Action                     |  1- 3 |  4- 6 |  7- 9 | 10-12 | 13-15 || total
---------------------------+-------+-------+-------+-------+-------++-------
  Melee: Unarmed           |     2 |       |       |       |       ||     2
         Dagger            |     3 |       |     4 |    11 |       ||    18
         Bite              |     1 |       |       |     2 |     1 ||     4
         Spear             |       |    16 |   106 |    55 |    13 ||   190
         Punch             |       |       |     1 |     1 |     1 ||     3
         Glaive            |       |       |       |       |     7 ||     7
   Fire: Arbalest          |       |    28 |    77 |     3 |       ||   108
         Heavy crossbow    |       |       |       |    85 |   142 ||   227
   Cast: Summon Small Mamm |    33 |    16 |       |       |       ||    49
         Call Imp          |    11 |     9 |    39 |    15 |       ||    74
         Call Canine Famil |     7 |     9 |    39 |    52 |     4 ||   111
         Martyr's Knell    |       |       |     4 |    41 |    20 ||    65
         Summon Lightning  |       |       |     3 |    33 |     2 ||    38
         Summon Blazeheart |       |       |     2 |    22 |       ||    24
         Ozocubu's Armour  |       |       |       |     2 |       ||     2
         Summon Mana Viper |       |       |       |       |     2 ||     2
         Summon Cactus Gia |       |       |       |       |     2 ||     2
         Lee's Rapid Decon |       |       |       |       |     2 ||     2
 Invoke: Dark Bargain      |       |       |       |       |     2 ||     2
         Bind Soul         |       |       |       |       |     2 ||     2
         Recall Undead Har |       |       |       |       |     1 ||     1
    Use: Scroll            |       |     4 |     4 |    11 |     9 ||    28
         Potion            |       |       |       |       |     1 ||     1
   Stab: Sleeping          |     2 |       |     5 |     1 |       ||     8
         Distracted        |       |       |     5 |     4 |     1 ||    10
 Armour: Robe              |     7 |     5 |    51 |   136 |   122 ||   321
  Dodge: Dodged            |    12 |     6 |    70 |   102 |   196 ||   386

Table legend: (Time is in decaauts)
 A = Elapsed time spent in this place.
 B = Non-inter-level travel time spent in this place.
 C = Inter-level travel time spent in this place.
 D = Time resting spent in this place.
 E = Time spent auto-exploring this place.
 F = Levels seen in this place.
 G = Mean time per level.
                   A        B        C        D        E       F      G
               +--------+--------+--------+--------+--------+-----+--------+
         Total |  22642 |  20593 |   2049 |   3260 |  13317 |  19 | 1191.7 |
       Dungeon |  16242 |  14306 |   1936 |   1452 |  10203 |  12 | 1353.5 |
        Temple |      1 |      1 |      0 |      0 |      0 |   1 |    1.0 |
          Lair |   2188 |   2172 |     16 |      0 |   1712 |   2 | 1094.0 |
  Orcish Mines |   3038 |   2943 |     95 |   1662 |    779 |   2 | 1519.0 |
       Ossuary |    381 |    381 |      0 |      0 |    236 |   1 |  381.0 |
        Bailey |    790 |    790 |      0 |    146 |    387 |   1 |  790.0 |
               +--------+--------+--------+--------+--------+-----+--------+

Top non-repeatable levels by time:
    D:10: 2572 daAuts
   Orc:2: 2224 daAuts
     D:1: 1929 daAuts
     D:3: 1756 daAuts
     D:8: 1438 daAuts
    D:12: 1415 daAuts
  Lair:1: 1269 daAuts
     D:5: 1139 daAuts
     D:7: 1078 daAuts
     D:9: 1054 daAuts
     D:6: 1033 daAuts
     D:2: 1027 daAuts
     D:4: 974 daAuts
  Lair:2: 919 daAuts
    D:11: 821 daAuts
